 Dungeon Sprint DCSS version 0.32-a0-30-gefbe487952 (webtiles) character file.

Game seed: 18338706645673557090

457 Gargoyl the Fighter (level 7, -12/52 HPs)
             Began as a Gargoyle Berserker on Jan 19, 2024.
             Was a Believer of Trog.
             Mangled by Sonja
             ... wielding a +1 short sword of distortion
              (17 damage)
             ... in the Dungeon (Sprint I: "Red Sonja").
             The game lasted 00:01:13 (381 turns).

Gargoyl the Fighter (Gargoyle Berserker)             Turns: 381, Time: 00:01:14

Health: -12/52     AC:  7    Str: 20    XL:     7   Next: 6%
Magic:  7/7        EV: 13    Int:  8    God:    Trog [**....]
Gold:   216        SH:  0    Dex: 11    Spells: 6/6 levels left

rFire   . . .        a - +0 hand axe
rCold   . . .        (no shield)
rNeg    + . .        b - +0 animal skin
rPois   ∞            (no helmet)
rElec   +            (no cloak)
rCorr   .            (no gloves)
SInv    .            (no boots)
Will    ++...        (no amulet)
Stlth   +            (no ring)
HPRegen 1.28/turn    (no ring)
MPRegen 0.10/turn

%: no teleportation
@: strong-willed (expiring), on berserk cooldown, regenerating (expiring),
hasted and slowed
A: sickness immunity, AC +4, negative energy resistance 1, electricity
resistance, torment resistance 1, petrification resistance
a: Renounce Religion, Berserk, Trog's Hand


You were in the Dungeon.
You worshipped Trog.
Trog was pleased with you.
You visited 1 branch You collected 216 gold pieces.

Inventory:

Hand Weapons
 a - a +0 hand axe (weapon)
Armour
 b - a +0 animal skin (worn)
Wands
 i - a wand of iceblast (16)
Scrolls
 h - a scroll of blinking
Potions
 c - a potion of curing
 f - 2 potions of magic
 g - a potion of berserk rage


   Skills:
 + Level 10.2 Fighting
 + Level 8.8 Axes
 + Level 5.5 Armour
 + Level 4.6 Dodging
 + Level 1.1 Stealth
 + Level 0.7 Evocations


You had 6 spell levels left.
You didn't know any spells.
Your spell library was empty.

Dungeon Overview and Level Annotations

Branches:
Dungeon (1/1)

Altars:
Makhleb
Sif Muna
Vehumet
Wu Jian
Xom
Jiyva
Lugonu

Annotations:
D Sonja


Innate Abilities, Weirdness & Mutations

You are immune to sickness and miasma.
Your stone body is resilient. (AC +4)
You are immune to poison.
You resist negative energy. (rN+)
You are resistant to electric shocks. (rElec)
You are resistant to unholy torment.
You are immune to petrification.


Message History

There is an open door here.
You completely miss Sonja. Sonja hits you but does no damage.
Sonja hits you with a +1 short sword of distortion.
Sonja hits you but does no damage. Space warps around you.
You barely miss Sonja.
Sonja casts a spell.
Sonja blinks!
Sonja casts a spell.
Sonja blinks!
You feel a strong urge to attack something.
You now have 189 gold pieces (gained 27).
There are no items here.
You feel your anger nearly subside.
You are no longer berserk.
You are exhausted.
You feel yourself slow down.
You now have 216 gold pieces (gained 27).
There are no items here.
Sonja throws a curare-tipped dart.
The curare-tipped dart hits you. You resist.
Okay, then.
You feel much better.
Sonja gestures wildly while chanting.
Sonja blinks!
You feel yourself speed up.
Sonja throws a curare-tipped dart.
The curare-tipped dart hits you. You resist.
You feel the effects of Trog's Hand fading.
Sonja gestures wildly while chanting.
Sonja blinks!
Sonja barely misses you.
Sonja hits you with a +1 short sword of distortion.
Sonja hits you but does no damage.
Sonja hits you with a +1 short sword of distortion. x3
You completely miss Sonja.
Sonja hits you with a +1 short sword of distortion!
Space warps horribly around you!!
* * * LOW HITPOINT WARNING * * *
Sonja hits you with a +1 short sword of distortion.
* * * LOW HITPOINT WARNING * * *
Space warps horribly around you!
You die...
Sonja takes a bow.

#..#####'#####'#__#
#..# #..# #.####
#..# #### ##%# #..#
#+#_.+ #⌠⌠# +.§._#
#### #_.#+# ##'#
##.## +$@.+ #$.K#
##.## #+#


You could see Sonja.

Vanquished Creatures
  A slime creature (D)
  Sigmund (D)
  An ogre (D)
  A jelly (D)
  Ijyb (D)
5 creatures vanquished.

Notes
Turn   | Place    | Note
-------+----------+-------------------------------------------
     0 | D        | Gargoyl the Gargoyle Berserker began the quest for the Orb.
     0 | D        | Reached XP level 1. HP: 14/14 MP: 1/1
     1 | D        | Noticed Ijyb
    13 | D        | Killed Ijyb
    14 | D        | Reached skill level 5 in Fighting
    14 | D        | Reached XP level 2. HP: 21/21 MP: 2/2
    14 | D        | Reached XP level 3. HP: 26/26 MP: 3/3
    57 | D        | Noticed an ogre
    63 | D        | Killed an ogre
    64 | D        | Reached skill level 7 in Fighting
    64 | D        | Reached skill level 5 in Axes
    64 | D        | Reached XP level 4. HP: 34/34 MP: 4/4
   125 | D        | Noticed Sigmund
   133 | D        | Killed Sigmund
   133 | D        | Reached ** piety under Trog
   134 | D        | Reached skill level 9 in Fighting
   134 | D        | Reached XP level 5. HP: 22/41 MP: 5/5
   134 | D        | Reached XP level 6. HP: 25/46 MP: 6/6
   243 | D        | Found an ornate altar of the Wu Jian Council.
   243 | D        | Found a shimmering blue altar of Sif Muna.
   245 | D        | Found a radiant altar of Vehumet.
   252 | D        | Found a burning altar of Makhleb.
   252 | D        | Found a shimmering altar of Xom.
   252 | D        | Noticed a slime creature
   253 | D        | Found a viscous altar of Jiyva.
   253 | D        | Found a corrupted altar of Lugonu.
   263 | D        | Killed a slime creature
   264 | D        | Reached skill level 10 in Fighting
   264 | D        | Reached skill level 5 in Armour
   264 | D        | Reached skill level 1 in Stealth
   264 | D        | Reached XP level 7. HP: 34/52 MP: 7/7
   364 | D        | Noticed Sonja
   381 | D        | Mangled by Sonja

Illustrated notes

Levels and vault maps discovered:
D:        dungeon_sprint_1 [red_sonja_temple_1, red_sonja_temple_small_1]

Skill      XL: |  1  2  3  4  5  6 |
---------------+-------------------+-----
Fighting       | 5 7 9 10 | 10.2
Axes           | 4 5 7 8 |  8.8
Dodging        | 2 3 4 |  4.6
Armour         | 3 4 5 |  5.5
Stealth        | 1 |  1.1
Evocations     | |  0.7

Action                     |  1- 3 |  4- 6 |  7- 9 || total
---------------------------+-------+-------+-------++-------
  Melee: Hand axe          |    16 |    12 |     3 ||    31
 Invoke: Berserk           |     2 |     2 |     1 ||     5
         Trog's Hand       |       |       |     1 ||     1
  Evoke: Wand              |       |     3 |       ||     3
    Use: Potion            |       |       |     2 ||     2
 Armour: Animal skin       |     5 |     9 |    13 ||    27
  Dodge: Dodged            |     5 |     4 |     2 ||    11

Table legend: (Time is in decaauts)
 A = Elapsed time spent in this place.
 B = Non-inter-level travel time spent in this place.
 C = Inter-level travel time spent in this place.
 D = Time resting spent in this place.
 E = Time spent auto-exploring this place.
 F = Levels seen in this place.
 G = Mean time per level.
                   A        B        C        D        E       F      G
               +--------+--------+--------+--------+--------+-----+--------+
         Total |    422 |    422 |      0 |    326 |     25 |   1 |  422.0 |
       Dungeon |    422 |    422 |      0 |    326 |     25 |   1 |  422.0 |
               +--------+--------+--------+--------+--------+-----+--------+

Top non-repeatable levels by time:
       D: 422 daAuts
